 Dungeon Crawl Stone Soup version 0.29.0-4-gdea44cf6ec (webtiles) character file.

Game seed: 865352934251009475

11 qw the Chopper (level 2, -1/17 HPs)
             Began as a Tengu Warper on Aug 28, 2022.
             Slain by a gnoll
             ... wielding a +0 flail
              (10 damage)
             ... on level 1 of the Dungeon.
             The game lasted 00:00:01 (375 turns).

qw the Chopper (Tengu Warper)                        Turns: 375, Time: 00:00:02

Health: -1/17      AC:  3    Str: 11    XL:     2   Next: 25%
Magic:  6/6        EV: 11    Int: 13    God:
Gold:   15         SH:  0    Dex: 13    Spells: 5/5 levels left

rFire   . . .      SeeInvis .   a - +0 hand axe
rCold   . . .      Faith    .   (no shield)
rNeg    . . .      Spirit   .   b - +0 leather armour
rPois   .          Reflect  .   (helmet restricted)
rElec   .          Harm     .   (no cloak)
rCorr   .          Rampage  .   (no gloves)
Will    .....                   (boots unavailable)
Stlth   +.........              (no amulet)
HPRegen 0.05/turn               (no ring)
MPRegen 0.10/turn               (no ring)

@: no status effects
A: beak, talons 3
a: no special abilities


You were on level 1 of the Dungeon.
You visited 1 branch of the dungeon, and saw 1 of its levels.

You collected 15 gold pieces.


Innate Abilities, Weirdness & Mutations

You have a beak for a mouth.
You have claws for feet.


   Skills:
 - Level 2.0 Fighting
 + Level 3.2 Axes
 - Level 1.0 Throwing
 - Level 1.1 Armour
 - Level 2.1 Dodging
 - Level 2.0 Spellcasting
 - Level 2.4 Translocations


You had 5 spell levels left.
You didn't know any spells.
Your spell library contained the following spells:

 Spells                   Type           Power      Damage    Failure   Level
 Blink                    Tloc           14%        N/A       19%         2
 Gell's Gravitas          Tloc           7%         N/A       36%         3
 Lesser Beckoning         Tloc           7%         N/A       36%         3
 Teleport Other           Tloc           7%         N/A       36%         3
 Manifold Assault         Tloc           7%         N/A       98%         5

Inventory:

Hand Weapons
 a - a +0 hand axe (weapon)
 i - a +0 whip
Armour
 b - a +0 leather armour (worn)
 f - an orb of energy
Scrolls
 c - a scroll of blinking
 e - a scroll of torment {unknown}
Potions
 d - a potion of heal wounds {unknown}
 h - a potion of curing {unknown}

Dungeon Overview and Level Annotations

Branches:
Dungeon (1/15)

Altars:


Message History

The kobold blinks!
You feel a bit more experienced.
Found a +0 dagger.
A goblin comes into view. It is wielding a +2 dagger of speed.
Found 8 stones.
Throw: boomerang (disperse)
Press: ? - help, Q - select action Shift-Dir - straight line, f - goblin You throw a boomerang of dispersal.
The boomerang of dispersal hits the goblin but does no damage.
The goblin shouts!
You closely miss the goblin. You peck the goblin.
The goblin is severely wounded.
The goblin closely misses you. The goblin hits you but does no damage.
You closely miss the goblin.
The goblin is severely wounded.
The goblin misses you.
The goblin hits you with a +2 dagger of speed.
You hit the goblin.
You kill the goblin!
You start resting.
HP restored.
Things that are here:
a +2 dagger of speed; a goblin corpse
d - a black potion
Things that are here:
a +2 dagger of speed; a goblin corpse
Found 5 poisoned darts.
A gnoll comes into view. It is wielding a +0 flail.
The gnoll shouts!
A rat comes into view.
You hit the gnoll.
The gnoll is moderately wounded.
The gnoll barely misses you.
You barely miss the gnoll.
The gnoll is moderately wounded.
The gnoll hits you with a +0 flail!
You barely miss the gnoll. You claw the gnoll!
The gnoll is severely wounded.
The gnoll hits you with a +0 flail!
Ouch! That really hurt!
You die...

###....#P~~~~~.
#..).#~~~~~.#
#..#.#P~~~~.#
##..#.#PP~~~~.
###.....#~PP~~~~
##.....#.#.PP~~~.
##...##...#~.~~~.#
######.........#..~~..#
#....r@(.......#P~~..~#
..(...g.#...%...#..~....
................#..~~.7.
................#.......
................####''##
..................##..##
..................###...
..................# ###.
..#.........###...


You could see a gnoll and a rat.

Vanquished Creatures
  2 endoplasms (D:1)
  2 goblins (D:1)
  3 kobolds (D:1)
  A quokka (D:1)
  A bat (D:1)
  A rat (D:1)
10 creatures vanquished.

Notes
Turn   | Place    | Note
-------+----------+-------------------------------------------
     0 | D:1      | qw the Tengu Warper began the quest for the Orb.
     0 | D:1      | Reached XP level 1. HP: 12/12 MP: 4/4
     0 | D:1      | 0 ||| qw: Version: 0.1-a-89-g26bdef1
     0 | D:1      | 0 ||| qw: Game counter: 2269
     0 | D:1      | 0 ||| qw: Always use a shield: true
     0 | D:1      | 0 ||| qw: God list: Okawaru
     0 | D:1      | 0 ||| qw: Allow faded altars: false
     0 | D:1      | 0 ||| qw: Do Orc after D:15 true
     0 | D:1      | 0 ||| qw: Do second Lair branch before Depths: true
     0 | D:1      | 0 ||| qw: Lair rune preference: random
     0 | D:1      | 0 ||| qw: Plans: Normal
     0 | D:1      | 0 ||| PLANNING D:1-11
    66 | D:1      | Reached XP level 2. HP: 8/17 MP: 6/6
    68 | D:1      | Reached skill level 3 in Axes
   270 | D:1      | 270 ||| DROPPING +0 club.
   375 | D:1      | Slain by a gnoll

Levels and vault maps discovered:
D:1:      lightli_arrival_windingriver, layout_rooms

Skill      XL: |  1  2 |
---------------+-------+-----
Axes           | 3 |  3.2
Fighting       | |  2.0
Throwing       | |  1.0
Armour         | |  1.1
Dodging        | |  2.1
Spellcasting   | |  2.0
Translocations | |  2.4

Action                   || total
-------------------------++-------
Melee: Hand axe          ||    17
       Kick              ||     2
       Peck              ||     2
Throw: Boomerang         ||     7
Armor: Leather armour    ||     7
Dodge: Dodged            ||    18

Table legend:
 A = Non-vault XP
 B = Vault XP
 C = Vault XP percentage of total XP
 D = Non-vault monster count
 E = Vault monster count
 F = Vault count percentage of total count
                 A         B        C        D         E       F
            +---------+---------+-------+---------+---------+-------
      Total |      16 |       0 |   0.0 |      10 |       0 |   0.0
            +---------+---------+-------+---------+---------+-------
        D:1 |      16 |       0 |   0.0 |      10 |       0 |   0.0
            +---------+---------+-------+---------+---------+-------
